 Dungeon Crawl Stone Soup version 0.25-a0-521-gb5d5f98535 (webtiles) character file.

Game seed: 11763693358723194133, levelgen mode: deterministic

168296 Gargoyl the Corrupter of Planes (level 17, -12/157 HPs)
             Began as a Centaur Abyssal Knight on Feb 17, 2020.
             Was the Champion of Lugonu.
             Mangled by a death scarab (21 damage)
             ... on level 4 of the Spider Nest on Feb 18, 2020.
             The game lasted 01:13:10 (46829 turns).

Gargoyl the Corrupter of Planes (CeAK)             Turns: 46829, Time: 01:13:11

Health: -12/157    AC: 18    Str: 24    XL:     17   Next: 33%
Magic:  27/27      EV: 17    Int: 15    God:    Lugonu [******]
Gold:   2366       SH: 14    Dex: 21    Spells: 16/16 levels left

rFire    + . .     SeeInvis .   p - +5 war axe "Spider's Death" {vorpal, Int+4 Dex+9}
rCold    . . .     Gourm    .   C - +7 buckler of Leaves {rF+}
rNeg     . . .     Faith    .   e - +5 ring mail "Yhaq" {+Fly rCorr}
rPois    +         Spirit   .   (helmet restricted)
rElec    .         Reflect  .   U - +1 cloak {MR+}
rCorr    +         Harm     .   f - +2 pair of gloves {Str+3}
MR       +++..                  (no barding)
Stlth    ++........             V - amulet of regeneration
HPRegen  0.76/turn              F - ring of poison resistance
MPRegen  0.20/turn              I - ring of protection from magic

@: slowed
A: large, beak, claws 1, hooves 3, deformed body, speed 2, robust 1, strong 1,
tough skin 3
a: Depart the Abyss, Bend Space, Banish, Corrupt, Enter the Abyss, Brand Weapon
With Distortion, Renounce Religion, Evoke Flight


You were on level 4 of the Spider Nest.
You worshipped Lugonu.
Lugonu was exalted by your worship.
You were not hungry.

You visited 4 branches of the dungeon, and saw 27 of its levels.
You visited the Abyss 1 time.
You also visited: Bailey and Gauntlet.

You collected 2860 gold pieces.
You spent 494 gold pieces at shops.

Inventory:

Hand Weapons
 p - the +5 war axe "Spider's Death" (weapon) {vorpal, Int+4 Dex+9}
   (You found it on level 7 of the Dungeon)

   It inflicts extra damage upon your enemies.
   It affects your intelligence (+4).
   It affects your dexterity (+9).
 s - a +7 hand axe of venom
 B - a +2 hand axe of freezing
 W - a +1 broad axe of draining
Missiles
 o - 59 boomerangs (quivered)
Armour
 e - the +5 ring mail "Yhaq" (worn) {+Fly rCorr}
   (You found it on level 2 of the Abyss)

   It lets you fly.
   It provides partial protection from all sources of acid and corrosion.
   If you remove this armour, your AC will decrease by 10 (18 -> 8).
 f - a +2 pair of gloves of strength (worn)
 A - a +2 helmet
 C - the +7 buckler of Leaves (worn) {rF+}
   (You bought it in a shop on level 4 of the Dungeon)

   It protects you from fire.
 U - a +1 cloak of magic resistance (worn)
 Y - a +1 helmet
Jewellery
 l - an uncursed ring of protection from fire
 m - an uncursed ring of see invisible
 u - an uncursed ring of protection from magic
 w - an uncursed amulet of the acrobat
 D - the ring "Juycihig" {rC- rN+ Str+6 Dex+6}
   (You found it in a Gauntlet)

   [ring of positive energy]

   It affects your strength (+6).
   It affects your dexterity (+6).
   It makes you vulnerable to cold.
   It protects you from negative energy.
 F - a ring of poison resistance (left hand)
 I - a ring of protection from magic (right hand)
 P - an uncursed amulet of rage
 R - a +4 ring of dexterity
 T - an uncursed ring of flight
 V - an amulet of regeneration (around neck)
Wands
 a - a wand of acid (23)
 b - a wand of polymorph (19)
 i - a wand of flame (19)
 x - a wand of paralysis (15)
 y - a wand of enslavement (9)
 z - a wand of digging (10)
 J - a wand of clouds (2)
 K - a wand of disintegration (10)
 L - a wand of iceblast (25)
Scrolls
 g - 6 scrolls of teleportation
 h - 3 scrolls of fear
 t - a scroll of fog
 v - 14 scrolls of remove curse
 G - a scroll of magic mapping
 M - a scroll of brand weapon
 S - 4 scrolls of identify
 Z - a scroll of holy word {unknown}
Potions
 d - 5 potions of heal wounds
 j - 5 potions of brilliance
 k - 5 potions of stabbing
 n - 9 potions of curing
 q - a potion of flight
 r - 7 potions of cancellation
 E - 2 potions of haste
 H - 5 potions of ambrosia
 O - a potion of lignification
 Q - 4 potions of might
 X - a potion of berserk rage {unknown}
Miscellaneous
 N - a tremorstone
Comestibles
 c - 30 rations


   Skills:
 + Level 10.9 Fighting
 + Level 13.8 Axes
 + Level 4.3 Throwing
 * Level 10.6 Armour
 * Level 10.9 Dodging
 + Level 2.6 Stealth
 + Level 8.7 Shields
 * Level 14.2 Invocations


You had 16 spell levels left.
You didn't know any spells.
Your spell library contained the following spells:

 Spells                   Type           Power        Failure   Level  Hunger
 Animate Skeleton         Necr           N/A          36%         1    ##.....
 Apportation              Tloc           #.....       36%         1    ##.....
 Beastly Appendage        Tmut           #.....       36%         1    ##.....
 Corona                   Hex            #......      36%         1    ##.....
 Foxfire                  Conj/Fire      #...         36%         1    ##.....
 Infusion                 Chrm           #...         36%         1    ##.....
 Magic Dart               Conj           #...         36%         1    ##.....
 Summon Small Mammal      Summ           #...         36%         1    ##.....
 Corpse Rot               Necr/Air       N/A          50%         2    ###....
 Searing Ray              Conj           #.....       50%         2    ###....
 Shroud of Golubria       Chrm/Tloc      #.....       50%         2    ###....
 Song of Slaying          Chrm           #.......     50%         2    ###....
 Sticks to Snakes         Tmut           #.......     50%         2    ###....
 Sublimation of Blood     Necr           #.........   50%         2    ###....
 Conjure Flame            Conj/Fire      #.......     75%         3    ####...
 Dazzling Flash           Conj/Hex       #.....       75%         3    ####...
 Inner Flame              Hex/Fire       #.......     75%         3    ####...
 Ozocubu's Armour         Chrm/Ice       #.......     75%         3    ####...
 Spectral Weapon          Hex/Chrm       #.......     75%         3    ####...
 Spider Form              Tmut/Pois      #.........   75%         3    ####...
 Static Discharge         Conj/Air       #.......     75%         3    ####...
 Dispel Undead            Necr           #.......     98%         4    #####..
 Fulminant Prism          Conj/Hex       #.........   98%         4    #####..
 Ice Form                 Ice/Tmut       #.......     98%         4    #####..
 Iskenderun's Mystic Bla  Conj/Tloc      #.......     98%         4    #####..
 Sticky Flame             Conj/Fire      #.......     98%         4    #####..
 Agony                    Necr           #.......     100%        5    ######.
 Blade Hands              Tmut           #.........   100%        5    ######.
 Excruciating Wounds      Chrm/Necr      #.........   100%        5    ######.
 Fireball                 Conj/Fire      #.........   100%        5    ######.
 Lightning Bolt           Conj/Air       #.........   100%        5    ######.
 Ignition                 Fire           #.........   100%        8    #######
 Shatter                  Erth           #.........   100%        9    #######
 Tornado                  Air            #.........   100%        9    #######


Dungeon Overview and Level Annotations

Branches:
Dungeon (15/15)            Temple (0/1) D:5            Lair (6/6) D:11
 Shoals (0/4) Lair:3       Spider (4/4) Lair:3        Slime (0/5) Lair:6
    Orc (2/2) D:11            Elf (0/3) Orc:2        Vaults (0/5) D:13
 Depths (0/5) D:15         Bailey (visited)         Gauntlet (visited)

Altars:
Dithmenos
Fedhas
Hepliaklqana
Kikubaaqudgha
Nemelex Xobeh
Uskayaw
Zin
Beogh

Shops:
D:4 [   D:9 [   D:13 (   Orc:1 *(   Orc:2 }=}*

Annotations:
D:4 3 runed translucent doors, angryZebra's ghost, amateur DrVM
D:5 exclusion: oklob plant
D:8 2 runed translucent doors
D:15 2 transporters, Vocav's ghost, journeyman GrEE


Innate Abilities, Weirdness & Mutations

You have hooves in place of feet.
Armour fits poorly on your strangely shaped body.
You cover ground very quickly.
You have extremely tough skin. (AC +3)
You have a beak for a mouth.
You have sharp fingernails.
You are robust. (+10% HP)
Your muscles are strong. (Str +2)


Message History

* * * LOW HITPOINT WARNING * * *
The jumping spider zombie pounces on you.
* * * LOW HITPOINT WARNING * * *
The jumping spider zombie bites you but does no damage.
The spectral hornet misses you. The death scarab bites you!!
* * * LOW HITPOINT WARNING * * *
The death scarab drains your vigour!
You feel as though you will be slow longer.
The death scarab draws strength from your injuries!
The death scarab bites you!
* * * LOW HITPOINT WARNING * * *
The death scarab drains your vigour!
You feel as though you will be slow longer.
The death scarab draws strength from your injuries!
The spectral tarantella barely misses you.
You feel much better. The death scarab bites you!
* * * LOW HITPOINT WARNING * * *
The death scarab draws strength from your injuries!
The death scarab bites you!!
You die...

##.....#≈≈≈≈...^...^.....≈≈≈≈≈≈≈.
.#.....#≈≈≈≈#...^......≈≈≈#≈≈≈...
^#^8.8.#.≈≈..###################.
.#.....#.....#....#..[...^^....#.
.......##....##^............#..#.
...8.8.#.....#........#........#.
.......#..#..#...##########...≈#.
...###.#.....#.ss#...... #..≈≈#≈
.≈## ###≈...^#^s@#...... ##≈≈≈≈≈
.≈≈#####≈#...#.ZZZZ..... ##≈###≈
.≈≈≈≈##≈≈≈...#.^.'...... #≈≈≈≈≈≈
..≈≈≈≈≈≈≈≈...#...'...... #..†≈≈≈
.≈≈##≈≈≈≈≈...#...'...... #.≈≈≈≈≈
.≈#####≈≈≈...##..'...... #≈≈###≈
..######≈≈...#...#...... #≈≈≈≈#≈
...##.##≈.#..#..^#...... #..≈≈#≈
......^#..≈.^#...##########...≈#.


You could see a spectral hornet, a spectral wolf spider, a spectral tarantella,
3 death scarabs and a jumping spider zombie.

Vanquished Creatures
  Arachne (Spider:3)
  Roxanne (D:14)
  4 ghost moths
  3 emperor scorpions (Spider:4)
  Aizul (Spider:4)
  Louise (Spider:4)
  4 entropy weavers
  A spark wasp (Spider:4)
  5 dire elephants
  An ettin (Orc:2)
  A yaktaur captain (D:15)
  Josephine (Orc:1)
  2 fire dragons
  Erolcha (Orc:2)
  A catoblepas (Lair:6)
  2 centaur warriors (D:15)
  An anaconda (Lair:6)
  A death knight (D:12)
  6 two-headed ogres
  4 death yaks (Lair:4)
  An ogre mage (D:13)
  5 death scarabs (Spider:4)
  A queen ant (Lair:2)
  A tengu warrior (D:9)
  5 orc high priests (Orc:2)
  4 skeletal warriors
  9 orc knights
  6 unseen horrors
  2 spectral wolf spiders (Spider:4)
  2 wolf spider zombies
  A necromancer (Gauntlet)
  3 manticores
  2 orc sorcerers (Orc:1)
  26 wolf spiders
  A cyclops (D:14)
  3 moths of wrath
  14 orb spiders
  4 slime creatures (D:12)
  A deep elf mage (D:15)
  8 ugly things
  An apocalypse crab (Gauntlet)
  Joseph (D:7)
  8 elephants
  4 black mambas
  Maurice (Orc:2)
  3 torpor snails
  A gargoyle (D:15)
  Maggie (D:7)
  11 spiny frogs
  A kobold demonologist (D:15)
  2 centaur skeletons
  A freezing wraith (D:12)
  8 komodo dragons
  13 rime drakes
  5 spectral redbacks (Spider:4)
  12 demonic crawlers
  A yaktaur (D:15)
  A tengu conjurer (D:9)
  5 trolls
  9 hornets
  Grinder (D:3)
  3 spectral jumping spiders (Spider:4)
  3 polar bears
  27 jumping spiders
  4 spectral tarantellas (Spider:4)
  9 hippogriffs
  5 blink frogs (Lair:1)
  A hippogriff (shapeshifter) (D:13)
  A dream sheep (Lair:6)
  2 jumping spider zombies (Spider:4)
  A shadow (D:13)
  34 tarantellas
  8 wraiths
  4 wyverns
  49 redbacks
  51 yaks
  4 basilisks
  4 hungry ghosts
  7 steam dragons
  10 vampire mosquitoes
  13 water moccasins
  22 soldier ants
  An acid dragon (D:10)
  A spectral hornet (Spider:4)
  Duvessa (D:5)
  9 porcupines
  2 hornet zombies
  53 orc warriors
  4 ice beasts
  2 black bears
  2 eyes of draining
  4 phantoms
  5 sky beasts
  8 necrophages
  16 ogres
  19 centaurs
  25 wolves
  15 crocodiles
  3 big kobolds
  23 bullfrogs
  A gnoll sergeant (D:9)
  9 scorpions
  Dowan (D:6)
  13 wights
  8 howler monkeys
  A vampire bat (Orc:1)
  5 crimson imps
  A bullfrog zombie (D:6)
  2 quasits (D:8)
  8 jellies
  A gnoll shaman (Orc:2)
  10 hounds
  2 bullfrog skeletons
  35 orc priests
  18 orc wizards
  Ijyb (D:5)
  4 iguanas
  31 worker ants
  5 hell rats (Lair:6)
  2 hound skeletons
  A howler monkey zombie (D:11)
  2 worker ant zombies
  15 gnolls
  11 adders
  2 shadow imps
  4 oozes
  3 adder zombies
  2 adder skeletons
  6 dart slugs
  4 leopard geckos
  85 orcs
  3 ball pythons
  17 bats
  3 giant cockroaches
  15 goblins
  9 hobgoblins
  8 jackals
  8 quokkas
  6 frilled lizards
  2 jackal skeletons
  22 kobolds
  A leopard gecko zombie (D:6)
  2 quokka zombies
  6 rats
  2 fungi (Lair:2)
  10 plants
1093 creatures vanquished.

Vanquished Creatures (others)
  A fire giant (shapeshifter) (D:8)
  An emperor scorpion (Spider:4)
  A spark wasp (Spider:4)
  A minotaur (Gauntlet)
  4 hydras
  A thrashing horror (Gauntlet)
  3 oklob plants (Lair:6)
  A minotaur zombie (Gauntlet)
  A rime drake (Lair:5)
  2 small abominations (Gauntlet)
  7 fungi
  6 plants
  2 starspawn tentacles (Gauntlet)
31 creatures vanquished.

Grand Total: 1124 creatures vanquished

Notes
Turn   | Place    | Note
-------+----------+-------------------------------------------
     0 | Abyss:1  | Gargoyl the Centaur Abyssal Knight began the quest for the
                  | Orb.
     0 | Abyss:1  | Reached XP level 1. HP: 19/19 MP: 2/2
    39 | Abyss:1  | Noticed a large abomination
    59 | Abyss:2  | Got a shimmering ring mail
    70 | Abyss:2  | Identified the +5 ring mail "Yhaq" {+Fly rCorr} (You found
                  | it on level 2 of the Abyss)
    70 | Abyss:2  | Noticed a small abomination
    81 | Abyss:2  | Noticed a thrashing horror
    81 | Abyss:2  | Noticed a thrashing horror
    83 | D:1      | Escaped the Abyss
   116 | D:1      | Reached XP level 2. HP: 22/26 MP: 3/3
   284 | D:1      | Reached * piety under Lugonu
   407 | D:1      | Reached skill level 1 in Dodging
   712 | D:1      | Reached XP level 3. HP: 23/31 MP: 4/4
  1542 | D:2      | Noticed a +0 dagger
  1677 | D:2      | Noticed a +0 hand axe
  1939 | D:2      | Found a hide-covered altar of Uskayaw.
  2095 | D:3      | Reached ** piety under Lugonu
  2096 | D:3      | Reached XP level 4. HP: 38/38 MP: 5/5
  2355 | D:3      | Noticed Grinder
  2365 | D:3      | Killed Grinder
  2365 | D:3      | Reached skill level 3 in Invocations
  2365 | D:3      | Reached XP level 5. HP: 29/46 MP: 5/7
  2365 | D:3      | Reached XP level 6. HP: 33/52 MP: 5/8
  3254 | D:4      | Reached XP level 7. HP: 37/58 MP: 9/9
  3555 | D:4      | Found Dannepemp's Antique Armour Shoppe.
  3623 | D:4      | Reached skill level 4 in Invocations
  3799 | D:4      | Noticed angryZebra's ghost (amateur DrVM)
  3800 | D:4      | Found a runed translucent gate.
  3800 | D:4      | Found a runed translucent gate.
  3800 | D:4      | Found a runed translucent gate.
  3964 | D:4      | Found a shadowy altar of Dithmenos.
  4107 | D:5      | Entered Level 5 of the Dungeon
  4146 | D:5      | Reached XP level 8. HP: 57/66 MP: 11/11
  4189 | D:5      | Found a staircase to the Ecumenical Temple.
  4584 | D:5      | Reached skill level 5 in Axes
  4880 | D:5      | Noticed Ijyb
  4890 | D:5      | Killed Ijyb
  4890 | D:5      | Reached *** piety under Lugonu
  5191 | D:5      | Found a blossoming altar of Fedhas.
  5204 | D:5      | Noticed an oklob plant
  5261 | D:6      | Noticed Dowan
  5262 | D:6      | Noticed Duvessa
  5445 | D:6      | Killed Dowan
  5445 | D:6      | Reached skill level 1 in Stealth
  5445 | D:6      | Reached skill level 5 in Invocations
  5455 | D:5      | Killed Duvessa
  6232 | D:6      | Found the +2 hat of the Bear Spirit {Spirit, +Rage rN+
                  | MR++}
  6391 | D:4      | Bought a shimmering buckler for 247 gold pieces
  6401 | D:4      | Identified the +7 buckler of Leaves {rF+} (You bought it in
                  | a shop on level 4 of the Dungeon)
  6471 | D:6      | Reached XP level 9. HP: 68/72 MP: 12/12
  7210 | D:7      | Noticed Joseph
  7234 | D:7      | Killed Joseph
  7234 | D:7      | Reached skill level 5 in Armour
  7486 | D:7      | Got a bloodstained war axe
  7487 | D:7      | Identified the +5 war axe "Spider's Death" {vorpal, Int+4
                  | Dex+9} (You found it on level 7 of the Dungeon)
  7544 | D:7      | Noticed Maggie
  7561 | D:7      | Killed Maggie
  7561 | D:7      | Reached skill level 6 in Invocations
  7717 | D:7      | Reached skill level 1 in Shields
  7724 | D:7      | Reached **** piety under Lugonu
  7993 | D:8      | Found a runed translucent door.
  7993 | D:8      | Found a runed translucent door.
  7993 | D:8      | Noticed a yaktaur
  7995 | D:8      | Found a runed translucent door.
  7995 | D:8      | Noticed a manticore
  8133 | D:8      | Found a flagged portal.
  8149 | Bailey   | Entered a bailey
  8564 | Bailey   | Noticed an orc knight
  8564 | Bailey   | Noticed an orc knight
  8580 | Bailey   | Reached XP level 10. HP: 80/80 MP: 14/14
  8581 | Bailey   | Killed an orc knight
  8581 | Bailey   | Reached skill level 5 in Fighting
  8631 | Bailey   | Got a dazzling crystal plate armour
  8657 | Bailey   | Identified the +2 crystal plate armour of Cowardice {rPois
                  | rN+ Dex-4} (You found it in a bailey)
  8836 | Bailey   | Noticed an orc knight
  8851 | Bailey   | Killed an orc knight
  9196 | D:8      | Reached skill level 7 in Invocations
  9407 | D:8      | Noticed a two-headed ogre
  9415 | D:8      | Killed a two-headed ogre
  9519 | D:8      | Found a glowing silver altar of Zin.
  9523 | D:8      | Found a hazy altar of Hepliaklqana.
  9547 | D:8      | Noticed a minotaur
  9573 | D:8      | Reached ***** piety under Lugonu
  9750 | D:8      | Noticed a dire elephant
  9859 | D:8      | Noticed an alligator snapping turtle
  9940 | D:8      | Noticed a fire giant
 10000 | D:8      | Banished a fire giant
 10005 | D:8      | Killed a manticore
 10007 | D:8      | Reached skill level 5 in Dodging
 10007 | D:8      | Reached XP level 11. HP: 84/88 MP: 5/16
 10569 | D:9      | Killed an unseen horror
 10726 | D:9      | Reached skill level 8 in Invocations
 10818 | D:9      | Found a blossoming altar of Fedhas.
 10819 | D:9      | Found an ancient bone altar of Kikubaaqudgha.
 10896 | D:9      | Noticed a two-headed ogre
 10909 | D:9      | Killed a two-headed ogre
 11088 | D:9      | Noticed a tengu warrior
 11111 | D:9      | Killed a tengu warrior
 11221 | D:9      | Found Xicis's Armour Shoppe.
 11360 | D:4      | Bought a smoking chain mail for 247 gold pieces
 11371 | D:4      | Identified the +1 chain mail of the Harp {Int+3} (You
                  | bought it in a shop on level 4 of the Dungeon)
 11510 | D:10     | Entered Level 10 of the Dungeon
 12709 | D:11     | Noticed a green ugly thing
 12722 | D:11     | Killed a green ugly thing
 12723 | D:11     | Noticed a brown ugly thing
 12739 | D:11     | Killed a brown ugly thing
 12867 | D:11     | Found a staircase to the Lair.
 12978 | D:11     | Found a staircase to the Orcish Mines.
 12982 | D:11     | Found a roughly hewn altar of Beogh.
 13144 | D:11     | Reached XP level 12. HP: 96/96 MP: 18/18
 13175 | D:11     | Found an ancient bone altar of Kikubaaqudgha.
 13429 | Lair:1   | Entered Level 1 of the Lair of Beasts
 13490 | Lair:1   | Reached skill level 9 in Invocations
 14691 | Lair:2   | You fall into a shaft and drop 2 floors!
 14847 | Lair:4   | Reached ****** piety under Lugonu
 14996 | Lair:4   | Reached skill level 10 in Axes
 15002 | Lair:3   | Found a sparkling altar of Nemelex Xobeh.
 15498 | Lair:2   | Noticed a queen ant
 15511 | Lair:2   | Reached skill level 10 in Invocations
 15516 | Lair:2   | Killed a queen ant
 16135 | Lair:2   | Reached XP level 13. HP: 43/105 MP: 8/20
 17361 | Lair:3   | Found a hole to the Spider Nest.
 17526 | Lair:3   | Found a staircase to the Shoals.
 17965 | Lair:4   | Reached skill level 5 in Shields
 20640 | Lair:5   | Noticed a fire dragon
 20649 | Lair:5   | Reached skill level 11 in Invocations
 20668 | Lair:5   | Killed a fire dragon
 21445 | Lair:6   | Entered Level 6 of the Lair of Beasts
 21445 | Lair:6   | Found a staircase to the Slime Pits.
 22305 | Lair:5   | Reached XP level 14. HP: 37/115 MP: 7/22
 26356 | D:12     | Got a crude bardiche
 26357 | D:12     | Identified the cursed +2 bardiche of the Evil Eye {drain,
                  | *Noise +Blink rF+++ Stlth-} (You found it on level 12 of
                  | the Dungeon)
 28413 | D:13     | Reached skill level 12 in Invocations
 28554 | D:13     | Found a gate to the Vaults.
 28724 | D:13     | Found Ynkoqeum's Weapon Shop.
 29715 | D:14     | Reached XP level 15. HP: 56/124 MP: 24/24
 29968 | D:14     | Noticed Roxanne
 30162 | D:14     | Killed Roxanne
 30541 | D:14     | Gained mutation: You expend magic power (3 MP) to
                  | strengthen your wands. [potion of mutation]
 30541 | D:14     | Gained mutation: You have a pair of small horns on your
                  | head. [potion of mutation]
 30541 | D:14     | Gained mutation: You possess an exceptional clarity of
                  | mind. [potion of mutation]
 30542 | D:14     | Lost mutation: You have a pair of small horns on your head.
                  | [potion of mutation]
 30542 | D:14     | Lost mutation: You expend magic power (3 MP) to strengthen
                  | your wands. [potion of mutation]
 30542 | D:14     | Gained mutation: You are clumsy. (Dex -2) [potion of
                  | mutation]
 30542 | D:14     | Gained mutation: Your muscles are strong. (Str +2) [potion
                  | of mutation]
 30542 | D:14     | Gained mutation: You have sharp fingernails. [potion of
                  | mutation]
 30542 | D:14     | Gained mutation: You have a beak for a mouth. [potion of
                  | mutation]
 30543 | D:14     | Lost mutation: You possess an exceptional clarity of mind.
                  | [potion of mutation]
 30543 | D:14     | Lost mutation: You are clumsy. (Dex -2) [potion of
                  | mutation]
 30543 | D:14     | Gained mutation: You are robust. (+10% HP) [potion of
                  | mutation]
 30865 | D:15     | Entered Level 15 of the Dungeon
 30986 | D:15     | Found a gate leading to a gauntlet.
 31149 | Gauntlet | Entered a Gauntlet
 31149 | Gauntlet | Found a transporter.
 31149 | Gauntlet | Found a transporter.
 31223 | Gauntlet | Found a transporter.
 31224 | Gauntlet | Found a transporter.
 31573 | Gauntlet | Found a transporter.
 31573 | Gauntlet | Found a transporter.
 31592 | Gauntlet | Found a transporter.
 31596 | Gauntlet | Got an ichor-stained scythe
 31597 | Gauntlet | Identified the +4 scythe "Maim" {venom, rElec Int+2} (You
                  | found it in a Gauntlet)
 31602 | Gauntlet | Got a scorched copper ring
 31677 | Gauntlet | Found a transporter.
 31679 | Gauntlet | Corrupted Gauntlet
 31679 | Gauntlet | Noticed a tentacled starspawn
 31747 | Gauntlet | Noticed an Executioner
 31751 | Gauntlet | Found a transporter.
 31754 | Gauntlet | Found a transporter.
 31762 | Gauntlet | Found a transporter.
 31766 | Gauntlet | Found a transporter.
 31767 | Gauntlet | Found a runed translucent door.
 31826 | Gauntlet | Paralysed by a hornet for 3 turns
 31954 | Gauntlet | Got a crude copper ring
 31963 | Gauntlet | Identified the ring "Juycihig" {rC- rN+ Str+6 Dex+6} (You
                  | found it in a Gauntlet)
 31967 | Gauntlet | Identified the ring of Mismeoriba {+Fly rF+ Int+6 Dex-5
                  | SInv} (You found it in a Gauntlet)
 32031 | D:15     | Found a transporter.
 32043 | D:15     | Found a transporter.
 32043 | D:15     | Noticed Vocav's ghost (journeyman GrEE)
 32739 | D:15     | Got an encrusted war axe
 32740 | D:15     | Identified the cursed +1 war axe "Nugukueq" {antimagic,
                  | Str+4} (You found it on level 15 of the Dungeon)
 32753 | D:15     | Found a staircase to the Depths.
 33667 | Orc:1    | Entered Level 1 of the Orcish Mines
 33667 | Orc:1    | Found Roomir's General Store.
 33668 | Orc:1    | Upgraded the game from 0.25-a0-516-g7d600cd9ad to
                  | 0.25-a0-521-gb5d5f98535
 34379 | Orc:1    | Found Wyiw's Antique Weapon Shoppe.
 34699 | Orc:2    | Entered Level 2 of the Orcish Mines
 34699 | Orc:2    | Noticed Maurice
 34699 | Orc:2    | Noticed Josephine
 34711 | Orc:1    | Killed Josephine
 35007 | Orc:2    | Killed Maurice
 35463 | Orc:2    | Found a staircase to the Elven Halls.
 36935 | Orc:2    | Noticed Erolcha
 36948 | Orc:2    | Killed Erolcha
 38531 | Orc:2    | Found Yddollugg's General Store.
 38534 | Orc:2    | Found Ronykiokh's Gadget Shop.
 38535 | Orc:2    | Found Oroinar's Gadget Shop.
 38536 | Orc:2    | Found Zyocreunn's Jewellery Boutique.
 38757 | Spider:1 | Entered Level 1 of the Spider Nest
 38770 | Spider:1 | Reached skill level 13 in Invocations
 39528 | Spider:1 | Reached XP level 16. HP: 99/147 MP: 25/25
 40362 | Spider:1 | Reached skill level 10 in Armour
 40769 | Spider:2 | Reached skill level 10 in Fighting
 40947 | Spider:2 | Reached skill level 10 in Dodging
 41236 | Spider:2 | You fall into a shaft and drop 1 floor!
 41332 | Spider:4 | Entered Level 4 of the Spider Nest
 42806 | Spider:4 | Noticed Louise
 43230 | Spider:4 | Killed Louise
 44558 | Spider:4 | Noticed Aizul
 44703 | Spider:4 | Reached XP level 17. HP: 150/155 MP: 27/27
 44775 | Spider:4 | Noticed Arachne
 45032 | Spider:3 | Killed Arachne
 45032 | Spider:3 | Reached skill level 14 in Invocations
 46191 | Spider:4 | Killed Aizul
 46828 | Spider:4 | HP: 3/157 [death scarab (10)]
 46829 | Spider:4 | Mangled by a death scarab

Levels and vault maps discovered:
D:1:      dpeg_arrival_court, layout_rooms
D:2:      layout_basic, dancing_weapons_uskayaw, dk_noncrumbling_3
D:3:      layout_basic, first_ration, uniq_grinder
D:4:      layout_rooms, grunt_dithmenos_smoke_and_mirrors, serial_shops,
          kennysheep_mini_moat, gammafunk_ghost_necromancy
D:5:      layout_loops_ring, minmay_temple_entry_mist, wad_floor_pattern_1,
          tgw_fedhas, uniq_ijyb
D:6:      layout_layer_cave, uniq_duvessa
D:7:      layout_rooms, uniq_joseph, uniq_maggie
D:8:      minmay_the_grid_triangle_9x9_rhombus_thin
          [minmay_the_grid_triangle_9x9_skeleton,
          minmay_the_grid_triangle_9x9_prize_top_heavy,
          minmay_the_grid_triangle_9x9_fully_insulated_deathbox,
          minmay_the_grid_triangle_9x9_wacky_v], layout_loops_ring, minitemple,
          enter_bailey_3
D:9:      layout_roguey, grunt_temple_overflow_growth_and_decay, serial_shops,
          shop
D:10:     layout_long_grid
D:11:     layout_basic, grunt_lair_entry_orc_guard_hut,
          minmay_orc_entry_temple_small, kennysheep_flooded_box
D:12:     layout_grid_maze
D:13:     layout_roguey, david_vaults_2, serial_shops, nicolae_shop_crystal
D:14:     layout_stronghold, uniq_roxanne
D:15:     grunt_enter_depths_snipers, layout_rooms, gammafunk_ghost_mausoleum,
          gauntlet_entry_generic
Lair:1:   layout_cave_pods
Lair:2:   layout_cave_pods, minivault_29, grunt_megastairs_5,
          infiniplex_staircase_pool
Lair:3:   layout_loops_ring, elwin_shoals_entry_rocks,
          nicolae_spider_entry_orb_guardian, basic_altar, roderic_carrion_pond
Lair:4:   wander_river, layout_small_grid
Lair:5:   layout_long_grid, bobbens_dragon_lair_wall
Lair:6:   due_jungle_book, layout_loops_ring, nicolae_slime_entry_slimehenge,
          minmay_lair_oklob_chamber
Spider:1: layout_spider_delve
Spider:2: layout_spider_delve, nicolae_spider_cling_ruins
Spider:3: layout_spider_delve
Spider:4: floodkiller_spider_rune_tomb, spiders_nest_ghost_moth_duel,
          uniq_louise, uniq_arachne, uniq_aizul
Orc:1:    layout_caves, serial_shops, shop, shop_coins, roderic_batcave
Orc:2:    st_orc_pillars, layout_diamond_mine, uniq_maurice, uniq_josephine,
          uniq_erolcha

Skill      XL: |  1  2  3  4  5  6  7  8  9 10 11 12 13 14 15 16 17 |
---------------+----------------------------------------------------+-----
Axes           | 2 3 4 5 7 8 9 10 11 12 13 | 13.8
Dodging        | 1 2 3 4 5 6 7 8 9 10 | 10.9
Armour         | 2 3 4 5 6 7 8 9 10 | 10.6
Invocations    | 3 4 5 6 7 8 10 11 12 13 14 | 14.2
Fighting       | 4 5 6 7 8 9 10 | 10.9
Throwing       | 2 3 4 |  4.3
Stealth        | 1 2 |  2.6
Shields        | 1 2 3 4 5 6 7 8 |  8.7

Action                   |  1- 3 |  4- 6 |  7- 9 | 10-12 | 13-15 | 16-18 || total
-------------------------+-------+-------+-------+-------+-------+-------++-------
Melee: Hand axe          |   126 |    78 |   271 |   787 |  1750 |   892 ||  3904
       Kick              |    16 |    21 |    79 |   234 |   740 |   357 ||  1447
       War axe           |       |       |    27 |    21 |   157 |    75 ||   280
       Peck              |       |       |       |       |   182 |   231 ||   413
Throw: Boomerang         |       |     4 |    33 |     5 |     4 |     4 ||    50
Invok: Depart the Abyss  |     1 |       |       |       |       |       ||     1
       Banish            |       |       |       |     1 |     8 |     4 ||    13
       Corrupt           |       |       |       |       |     1 |       ||     1
       Bend Space        |       |       |       |       |       |     1 ||     1
 Abil: Evoke Berserk Rag |       |       |       |     2 |     2 |       ||     4
Evoke: Wand              |       |       |    14 |     8 |     4 |       ||    26
  Use: Scroll            |     1 |     7 |    15 |     7 |    20 |     6 ||    56
       Potion            |       |       |     1 |     1 |     7 |     1 ||    10
 Stab: Held in net/web   |       |       |       |       |       |     2 ||     2
  Eat: Chunk             |     2 |     3 |    11 |    20 |    60 |     7 ||   103
       Ration            |       |       |     1 |     1 |     4 |     5 ||    11
Armor: Ring mail         |    84 |    50 |   120 |   216 |   519 |   453 ||  1442
Dodge: Dodged            |    73 |    30 |   119 |   346 |   861 |   531 ||  1960
Block: Buckler           |       |       |    74 |   383 |  1047 |   617 ||  2121

Table legend:
 A = Non-vault XP
 B = Vault XP
 C = Vault XP percentage of total XP
 D = Non-vault monster count
 E = Vault monster count
 F = Vault count percentage of total count
                 A         B        C        D         E       F
            +---------+---------+-------+---------+---------+-------
      Total |  151382 |   89041 |  37.0 |     751 |     342 |  31.3
            +---------+---------+-------+---------+---------+-------
        D:1 |      50 |       0 |   0.0 |      26 |       0 |   0.0
        D:2 |      43 |       0 |   0.0 |      19 |       0 |   0.0
        D:3 |     212 |     277 |  56.6 |      23 |       1 |   4.2
        D:4 |     564 |       0 |   0.0 |      16 |       0 |   0.0
        D:5 |    1130 |     181 |  13.8 |      21 |       2 |   8.7
        D:6 |     409 |      67 |  14.1 |      14 |       1 |   6.7
        D:7 |    1110 |     889 |  44.5 |      19 |       2 |   9.5
        D:8 |    1969 |    2812 |  58.8 |      32 |      29 |  47.5
        D:9 |    4862 |       0 |   0.0 |      31 |       0 |   0.0
       D:10 |    3030 |       0 |   0.0 |      27 |       0 |   0.0
       D:11 |    1986 |     983 |  33.1 |      19 |      17 |  47.2
       D:12 |    7907 |       0 |   0.0 |      40 |       0 |   0.0
       D:13 |    9149 |    2660 |  22.5 |      38 |       3 |   7.3
       D:14 |    5742 |    1860 |  24.5 |      28 |       1 |   3.4
       D:15 |    8525 |    2307 |  21.3 |      24 |       3 |  11.1
     Lair:1 |    4611 |       0 |   0.0 |      27 |       0 |   0.0
     Lair:2 |    6334 |    5472 |  46.3 |      29 |      45 |  60.8
     Lair:3 |     751 |    1384 |  64.8 |       4 |       8 |  66.7
     Lair:4 |    7869 |    1116 |  12.4 |      24 |       3 |  11.1
     Lair:5 |   10304 |    4602 |  30.9 |      37 |      16 |  30.2
     Lair:6 |   11865 |    4643 |  28.1 |      31 |      14 |  31.1
   Spider:1 |   18260 |       0 |   0.0 |      51 |       0 |   0.0
   Spider:2 |    8605 |       0 |   0.0 |      21 |       0 |   0.0
   Spider:3 |   14233 |    3263 |  18.6 |      34 |       2 |   5.6
   Spider:4 |   13798 |   35026 |  71.7 |      34 |      70 |  67.3
      Orc:1 |    3782 |    1303 |  25.6 |      36 |      11 |  23.4
      Orc:2 |    4282 |   13765 |  76.3 |      46 |      79 |  63.2
     Bailey |       0 |    1649 | 100.0 |       0 |      11 | 100.0
   Gauntlet |       0 |    4782 | 100.0 |       0 |      24 | 100.0
            +---------+---------+-------+---------+---------+-------
